Map: Cactus Valley LE (Void)

Players

Goldsmith - Winner!

  • Race: Terran Terran
  • League: Gold
  • Spawn Location: 11:00

Dyrdek

  • Race: Protoss Protoss
  • League: Silver
  • Spawn Location: 7:00

VOD

Have the link to the VOD?

Description

Failed Base Trade PvT

Time

  • Played on: April 21, 2017, 6:09 p.m.
  • Length: 16:12
Show
View Real Time Build Order
Export as new Build Order

Goldsmith Terran - Winner!

Build Orders: Reaper Expand, MMM Bio, Banshee Rush 

Get SALT Encoding   

  12  0:01  SCV  
  13  0:13  SCV  
  14  0:19  Supply Depot  
  14  0:25  SCV  
  15  0:36  Refinery  
  15  0:41  SCV  
  16  0:46  Barracks  
  16  0:53  SCV  
  17  1:05  SCV  
  17  1:09  Refinery  
  18  1:17  SCV  
  19  1:34  Orbital Command, Reaper  
  20  1:52  Supply Depot  
  20  2:03  Factory  
  20  2:22  Command Center  
  20  2:25  Marine  
  21  2:32  SCV  
  22  2:44  SCV  
  22  2:49  Starport  
  22  2:51  Factory Tech Lab  
  23  2:56  SCV, Marine  
  25  3:03  Supply Depot  
  25  3:08  SCV  
  26  3:20  Marine  
  26  3:24  SCV  
  28  3:29  Widow Mine  
  28  3:33  Cloaking Field, Banshee  
  32  3:46  Orbital Command  
  32  3:48  Marine  
  32  3:54  SCV  
  34  4:07  Orbital Command  
  34  4:21  Raven  
  34  4:22  SCV  
  37  4:34  Barracks Tech Lab  
  37  4:36  Barracks  
  37  4:39  Barracks  
  37  4:54  SCV x2  
  37  4:57  Refinery  
  37  4:58  Refinery  
  39  5:06  SCV x2  
  41  5:11  Engineering Bay  
  41  5:12  Supply Depot  
  41  5:19  Stimpack  
  41  5:25  Barracks Reactor  
  41  5:26  Marine x2  
  43  5:34  Medivac  
  45  5:39  Terran Infantry Weapons Level 1  
  45  5:41  SCV x2  
  47  5:53  SCV x2  
  47  6:18  Marine  
  47  6:19  Marine x3  
  47  6:25  SCV  
  52  6:26  SCV  
  53  6:37  SCV  
  53  6:38  Missile Turret, SCV  
  55  6:40  Starport Reactor  
  55  6:43  Siege Tank  
  55  6:46  Barracks Tech Lab  
  58  6:47  Marauder, Marine x2  
  62  6:54  Supply Depot  
  62  6:55  Supply Depot  
  62  6:57  SCV x2  
  64  7:06  Barracks  
  64  7:08  Marine x2  
  66  7:09  Marauder x2  
  66  7:10  Barracks  
  66  7:12  Combat Shields  
  70  7:15  SCV x2, Siege Tank  
  75  7:25  Supply Depot  
  75  7:26  Marine x2  
  75  7:27  Supply Depot  
  75  7:28  SCV x2  
  79  7:40  SCV x2  
  81  7:58  Missile Turret  
  81  7:59  SCV x2  
  83  8:11  SCV x2  
  83  8:22  Medivac  
  83  8:23  Medivac, SCV  
  83  8:24  SCV  
  89  8:32  Marauder x2  
  93  8:34  Barracks Reactor x2  
  93  8:35  SCV  
  93  8:36  SCV  
  93  8:37  Marine x2  
  97  8:42  Supply Depot  
  97  8:43  Supply Depot  
  97  8:53  Marauder x2  
  97  8:54  Marine  
  97  8:55  Marine  
  103  8:58  Terran Infantry Armor Level 1, Missile Turret  
  103  9:02  Armory  
  103  9:26  Marauder x2, Marine x4  
  93  9:48  Siege Tank  
  93  10:01  Medivac x2  
  97  10:07  Supply Depot x2  
  97  10:18  Command Center  
  97  10:20  Siege Tank, Marine x3  
  97  10:21  Marine x3  
  104  10:23  Marauder x2  
  104  10:27  Supply Depot  
  110  10:28  Supply Depot  
  110  10:30  Terran Vehicle Weapons Level 1  
  110  10:31  Medivac x2  
  114  10:36  Supply Depot x2  
  114  10:40  Marine x4  
  114  10:41  Marine x2  
  120  10:43  Marine  
  120  10:44  Marine  
  122  10:58  Marine x4  
  122  10:59  Marine x2  
  128  11:15  Terran Infantry Weapons Level 2  
  128  11:21  Marauder, Marine  
  128  11:22  Marauder, Marine x4  
  128  11:23  Marine  
  138  11:32  Orbital Command  
  135  12:33  Orbital Command  
  133  12:52  Marauder x2, Marine  
  133  12:53  Marine x5  
  133  12:57  Siege Tank  
  133  12:58  Medivac x2  
  150  13:10  Marine x2  
  150  13:11  Marine x3  
  155  13:13  Marauder x2  
  159  13:39  Marauder x2, Marine x2  
  165  13:45  Supply Depot  
  165  13:47  Supply Depot  
  165  14:03  Marine  
  165  14:07  Marine  
Show
View Real Time Build Order
Export as new Build Order

Dyrdek Protoss 

Build Orders: 1 Gate Expand 

Get SALT Encoding   

  12  0:01  Probe (Chrono Boost)  
  13  0:11  Probe (Chrono Boost)  
  14  0:18  Pylon  
  14  0:22  Probe (Chrono Boost)  
  15  0:36  Gateway  
  15  0:40  Probe (Chrono Boost)  
  16  0:44  Assimilator  
  16  0:51  Probe (Chrono Boost)  
  17  1:25  Nexus  
  17  1:46  Probe (Chrono Boost)  
  18  1:49  Cybernetics Core  
  18  1:54  Pylon  
  18  1:57  Probe (Chrono Boost)  
  19  2:07  Probe (Chrono Boost)  
  20  2:15  Assimilator  
  19  2:18  Warp Gate, Probe (Chrono Boost)  
  20  2:29  Mothership Core (Chrono Boost)  
  22  2:30  Adept  
  24  2:39  Probe (Chrono Boost)  
  24  2:47  Probe (Chrono Boost)  
  24  2:49  Probe (Chrono Boost)  
  26  2:52  Gateway  
  26  3:05  Pylon  
  26  3:10  Adept  
  28  3:16  Probe (Chrono Boost)  
  28  3:18  Probe (Chrono Boost)  
  30  3:25  Pylon  
  31  3:28  Probe x2 (Chrono Boost)  
  32  3:34  Twilight Council  
  32  3:40  Probe (Chrono Boost)  
  33  3:44  Adept  
  33  3:45  Adept  
  37  3:50  Probe (Chrono Boost)  
  37  3:53  Probe (Chrono Boost)  
  39  4:01  Probe (Chrono Boost)  
  40  4:03  Robotics Facility  
  41  4:11  Probe x2 (Chrono Boost)  
  42  4:21  Resonating Glaives  
  42  4:23  Probe (Chrono Boost)  
  43  4:36  Gateway  
  43  4:37  Gateway  
  43  4:42  Probe (Chrono Boost)  
  43  4:43  Assimilator  
  43  4:44  Probe (Chrono Boost)  
  45  4:50  Pylon  
  45  4:52  Adept x2  
  49  4:53  Probe (Chrono Boost)  
  49  4:56  Probe (Chrono Boost)  
  51  5:10  Observer  
  52  5:21  Forge  
  52  5:27  Gateway  
  52  5:28  Observer  
  52  5:30  Gateway  
  52  5:31  Gateway  
  52  5:33  Probe x2 (Chrono Boost)  
  55  5:35  Pylon  
  55  5:37  Pylon  
  55  5:45  Probe x2 (Chrono Boost)  
  50  6:09  Stalker x2  
  50  6:10  Stalker x2  
  54  6:33  Blink, Protoss Ground Weapons Level 1  
  54  6:36  Probe x2 (Chrono Boost)  
  56  6:40  Photon Cannon  
  56  6:42  Pylon  
  58  6:48  Probe x2 (Chrono Boost)  
  58  6:56  Warp Prism  
  60  7:07  Stalker x4  
  68  7:10  Sentry x3  
  74  7:16  Photon Cannon  
  74  7:18  Assimilator  
  74  7:21  Probe x2 (Chrono Boost)  
  76  7:29  Pylon  
  76  7:31  Pylon  
  76  7:33  Immortal, Probe x2 (Chrono Boost)  
  82  7:37  Stalker  
  82  7:40  Stalker  
  86  7:49  Pylon  
  85  8:01  Stalker x4  
  87  8:25  Adept x6  
  87  8:26  Adept  
  101  8:29  Observer  
  102  8:42  Photon Cannon  
  102  8:48  Observer  
  102  8:51  Adept x5  
  113  9:08  Pylon  
  113  9:10  Nexus  
  113  9:14  Pylon  
  91  9:45  Adept x4  
  68  9:46  Adept x3  
  77  10:11  Pylon  
  77  10:13  Pylon  
  77  10:15  Gateway, Sentry x2  
  77  10:16  Gateway  
  77  10:18  Adept, Gateway  
  83  10:28  Robotics Bay  
  83  10:36  Probe (Chrono Boost)  
  83  10:38  Probe x2 (Chrono Boost)  
  88  10:50  Probe x2 (Chrono Boost)  
  88  10:53  Adept x4  
  96  11:12  Adept x2  
  96  11:13  Adept x3  
  106  11:25  Assimilator  
  107  11:26  Probe (Chrono Boost)  
  107  11:27  Probe x2 (Chrono Boost)  
  109  11:35  Adept x3  
  109  11:39  Probe x2 (Chrono Boost)  
  117  11:51  Probe (Chrono Boost)  
  102  12:03  Probe (Chrono Boost)  
  74  12:12  Adept x4  
  74  12:13  Adept x6  
  94  12:24  Pylon  
  94  12:43  Probe (Chrono Boost)  
  95  12:50  Stalker x3  
  95  12:51  Stalker x2  
  103  12:53  Adept x2  
  103  12:54  Adept x3  
  103  12:55  Probe (Chrono Boost)  
  116  13:02  Assimilator  
  116  13:03  Probe (Chrono Boost)  
  116  13:04  Probe (Chrono Boost)  
  118  13:08  Probe (Chrono Boost)  
  119  13:17  Charge, Probe (Chrono Boost), Observer  
  121  13:38  Observer  
  122  13:53  Stalker x3  
  122  13:54  Stalker x2  
  132  13:55  Stalker  
  132  14:12  Nexus  
  132  14:13  Pylon  
  132  14:14  Stalker x3  
  132  14:15  Stalker  
  96  14:52  Stalker x3  
  86  14:58  Zealot x2  
Tags
 
Add a new tag
Caveats
  • Supply blocks, unpowered buildings, or Contaminate may cause inaccurate times.
  • Supply counts are checked every 10 seconds.